 Dungeon Crawl Stone Soup version 0.22-b1-21-g5cfc168 (webtiles) character file.

105 Lilu the Sneak (level 4, -3/23 HPs)
             Began as a Vine Stalker Assassin on Aug 4, 2018.
             Slain by a big kobold
             ... wielding a +0 short sword
              (8 damage)
             ... in a sewer.
             The game lasted 00:10:34 (3088 turns).

Lilu the Sneak (Vine Stalker Assassin)              Turns: 3088, Time: 00:10:35

Health: -3/23      AC:  6    Str: 13    XL:     4   Next: 83%
Magic:  0/5        EV: 11    Int: 11    God:
Gold:   83         SH:  0    Dex: 17    Spells: 3/3 levels left

rFire    . . .     SeeInvis +   y - -3 dagger (curse)
rCold    . . .     Gourm    .   (no shield)
rNeg     . . .     Faith    .   c - +0 robe
rPois    .         Spirit   +   (no helmet)
rElec    .         Reflect  .   d - +1 cloak
rCorr    .         Harm     +   (no gloves)
MR       .....                  (no boots)
Stlth    ++++......             w - amulet of harm
HPRegen  0.47/turn              l - ring of see invisible
MPRegen  0.09/turn              (no ring)

@: no status effects
A: fangs 2, yellow scales 1, blurry vision 1, regeneration 1, magic shield,
antimagic bite, no potion heal 3, rot immunity
a: no special abilities


You were in a sewer.
You were very hungry.

You visited 1 branch of the dungeon, and saw 3 of its levels.
You also visited: Sewer.

You collected 83 gold pieces.

Inventory:

Hand Weapons
 a - a +2 dagger
 b - a +0 blowgun
 h - a +4 hand axe
 p - a +3 dagger
 s - a +0 mace of protection
 y - a cursed -3 dagger (weapon)
Missiles
 e - 7 poisoned needles
 f - 2 curare-tipped needles
 k - 51 arrows
 x - 22 sling bullets
 z - 32 stones (quivered)
Armour
 c - a +0 robe (worn)
 d - a +1 cloak (worn)
Jewellery
 l - a ring of see invisible (left hand)
 w - an amulet of harm (around neck)
Scrolls
 j - 4 scrolls of teleportation
Potions
 m - a potion of brilliance {unknown}
 o - a potion of flight {unknown}
 q - a potion of might {unknown}
 t - a potion of haste {unknown}
Comestibles
 g - 3 rations


   Skills:
 * Level 2.4 Fighting
 - Level 1.7 Short Blades
 - Level 1.7 Throwing
 - Level 0.7 Dodging
 - Level 7.2 Stealth


You had 3 spell levels left.
You didn't know any spells.
Your spell library was empty.

Dungeon Overview and Level Annotations

Branches:
Dungeon (3/15)

Altars:
Nemelex Xobeh
Ru


Innate Abilities, Weirdness & Mutations

You have extremely sharp teeth.
Your natural rate of healing is unusually fast.
When hurt, damage is shared between your health and your magic reserves.
Your bite disrupts and absorbs the magic of your enemies.
Potions cannot restore your health.
You are immune to rotting.
You are partially covered in yellow scales. (AC +2)
Scrolls take you a little longer to read.


Message History

The big kobold hits you with a short sword!
You barely miss the big kobold.
The big kobold is heavily wounded.
You hit the big kobold but do no damage.
Your bite misses the big kobold.
The big kobold is heavily wounded.
The big kobold hits you with a short sword.
You closely miss the big kobold.
The big kobold is heavily wounded.
The big kobold hits you with a short sword.
* * * LOW HITPOINT WARNING * * *
You hit the big kobold but do no damage.
Your bite misses the big kobold.
The big kobold is heavily wounded.
The big kobold hits you with a short sword.
* * * LOW HITPOINT WARNING * * *
You closely miss the big kobold.
The big kobold is heavily wounded.
The big kobold hits you with a short sword!
You die...

##### ##### ##.≈.## ##≈.≈##
#...≈.#####....≈#
#...≈≈≈)≈≈K@...≈# ≈
#.....#####≈.≈..# # ##.≈≈##
##.≈≈## # ##≈## ##≈## # #≈# #≈#
# #≈# #≈# ## ##≈## ##≈## #####
.## ##..≈## ##..≈## ##.≈.##
(.####....≈#####...∩.####.≈≈..#


You could see a big kobold.

Vanquished Creatures
  4 adders
  2 oozes (Sewer)
  2 worms (Sewer)
  2 dart slugs
  A leopard gecko (D:2)
  An orc (D:3)
  5 bats (D:2)
  2 giant cockroaches (D:1)
  4 goblins
  4 hobgoblins
  9 jackals
  A ball python (Sewer)
  4 frilled lizards
  3 kobolds
  6 rats
50 creatures vanquished.

Notes
Turn   | Place    | Note
-------+----------+-------------------------------------------
     0 | D:1      | Lilu the Vine Stalker Assassin began the quest for the Orb.
     0 | D:1      | Reached XP level 1. HP: 11/11 MP: 2/2
    68 | D:1      | Reached skill level 5 in Stealth
   131 | D:1      | Reached XP level 2. HP: 2/15 MP: 0/3
  1029 | D:1      | Reached skill level 6 in Stealth
  1386 | D:2      | Reached XP level 3. HP: 14/18 MP: 4/4
  2118 | D:2      | Found a sacrificial altar of Ru.
  2519 | D:3      | Gained mutation: Your natural rate of healing is unusually fast. [Vine Stalker growth]
  2519 | D:3      | Reached XP level 4. HP: 11/23 MP: 3/5
  2521 | D:3      | Found a sparkling altar of Nemelex Xobeh.
  2559 | D:3      | Found a glowing drain.
  2560 | D:3      | Reached skill level 7 in Stealth
  2571 | Sewer    | Entered a sewer
  2838 | Sewer    | Noticed a big kobold
  2973 | Sewer    | HP: 1/23 [big kobold/short sword (5)]
  3024 | Sewer    | Gained mutation: Scrolls take you a little longer to read. [potion of mutation]
  3024 | Sewer    | Gained mutation: You are partially covered in yellow scales. (AC +2) [potion of mutation]
  3088 | Sewer    | Slain by a big kobold

Skill      XL: |  1  2  3  4 |
---------------+-------------+-----
Stealth        | 5 6 7 |  7.2
Fighting       | 2 |  2.4
Short Blades   | |  1.7
Throwing       | |  1.7
Dodging        | |  0.7

Action                   |  1- 3 |  4- 6 || total
-------------------------+-------+-------++-------
Melee: Hand axe          |    22 |       ||    22
       Bite              |    27 |    61 ||    88
       Dagger            |    84 |   194 ||   278
 Fire: Blowgun           |     3 |       ||     3
Throw: Tomahawk          |       |     4 ||     4
  Use: Scroll            |     5 |     1 ||     6
       Potion            |       |     1 ||     1
 Stab: Sleeping          |    10 |       ||    10
  Eat: Chunk             |     5 |     1 ||     6
Armor: Robe              |    33 |    43 ||    76
Dodge: Dodged            |    69 |    76 ||   145
